 Dungeon Crawl Stone Soup version 0.27-a0-906-g0a00ce8 (webtiles) character file.

Game seed: 12685194928483876417

351 Nithhogg the Skirmisher (level 6, 0/42 (48) HPs)
             Began as a Demonspawn Fighter on Apr 7, 2021.
             Slain by a wight
             ... wielding a +0 battleaxe
              (5 damage)
             ... on level 3 of the Dungeon.
             The game lasted 00:03:49 (3463 turns).

Nithhogg the Skirmisher (Demonspawn Fighter)        Turns: 3463, Time: 00:03:49

HP:   0/42 (48)     AC: 13    Str: 19    XL:     6   Next: 34%
MP:   8/8           EV:  5    Int:  9    God:
Gold: 136           SH:  9    Dex: 12    Spells: 5/5 levels left

rFire    . . .     SeeInvis .   a - +0 long sword
rCold    . . .     Faith    .   c - +0 kite shield
rNeg     . . .     Spirit   .   h - +4 chain mail {rPois}
rPois    +         Reflect  .   (no helmet)
rElec    .         Harm     .   (no cloak)
rCorr    .         Rampage  .   (no gloves)
Will     .....                  (no boots)
Stlth    ..........             (no amulet)
HPRegen  0.14/turn              (no ring)
MPRegen  0.22/turn              (no ring)

@: heavily drained
A: claws 1, demonic guardian 2, magic regeneration
a: no special abilities


You were on level 3 of the Dungeon.
You visited 1 branch of the dungeon, and saw 3 of its levels.

You collected 136 gold pieces.

Inventory:

Hand Weapons
 a - a +0 long sword (weapon)
Armour
 b - a +0 scale mail
 c - a +0 kite shield (worn)
 h - a +4 chain mail of poison resistance (worn)
Scrolls
 d - a scroll of blinking {unknown}
 e - a scroll of identify {unknown}
 f - a scroll of enchant armour {unknown}
 k - a scroll of summoning {unknown}
 m - a scroll of amnesia {unknown}
Potions
 g - a potion of cancellation {unknown}
 i - a potion of brilliance {unknown}
 j - a potion of curing
 l - a potion of resistance {unknown}


   Skills:
 + Level 3.9 Fighting
 + Level 3.0 Long Blades
 + Level 3.5 Armour
 + Level 2.0 Dodging
 + Level 3.6 Shields
 + Level 3.2 Invocations


You had 5 spell levels left.
You didn't know any spells.
Your spell library contained the following spells:

 Spells                   Type           Power      Damage    Failure   Level
 Magic Dart               Conj           0%         1d3       100%        1
 Blink                    Tloc           N/A        N/A       100%        2
 Call Imp                 Summ           0%         N/A       100%        2
 Slow                     Hex            0%         N/A       100%        2
 Conjure Flame            Conj/Fire      0%         6-21      100%        3
 Mephitic Cloud           Conj/Pois/Air  0%         N/A       100%        3


Dungeon Overview and Level Annotations

Branches:
Dungeon (3/15)

Altars:


Innate Abilities, Weirdness & Mutations

You have sharp fingernails.
A demonic guardian rushes to your aid.
You regenerate magic rapidly.


Message History

Your shield and chain mail prevent you from hitting the wight.
The wight is heavily damaged.
The wight barely misses you.
You hit the wight but do no damage.
The wight is heavily damaged.
The wight hits you with a +0 battleaxe.
You feel drained. The wight hits you with a +0 battleaxe.
You hit the wight but do no damage.
The wight is heavily damaged.
The wight barely misses you.
Your chain mail prevents you from hitting the wight.
The wight is heavily damaged.
The wight hits you with a +0 battleaxe.
You feel drained. The wight hits you with a +0 battleaxe!
* * * LOW HITPOINT WARNING * * *
You are too injured to fight recklessly!
You are too injured to fight recklessly!
You are too injured to fight recklessly!
You are too injured to fight recklessly!
You are too injured to fight recklessly!
You are too injured to fight recklessly!
You are too injured to fight recklessly!
You are too injured to fight recklessly!
You are too injured to fight recklessly!
You are too injured to fight recklessly!
You are too injured to fight recklessly!
You are too injured to fight recklessly!
You are too injured to fight recklessly!
You are too injured to fight recklessly!
You closely miss the wight.
The wight is heavily damaged.
The wight hits you but does no damage.
You barely miss the wight.
The wight is heavily damaged.
You block the wight's attack. The wight hits you with a +0 battleaxe!
* * * LOW HITPOINT WARNING * * *
A demonic guardian appears!
You feel drained.
Your hellwing hits the wight but does no damage. x2
The wight hits you with a +0 battleaxe.
You die...

.##..#.........................#
.##............................#
###.##.<.......#...............#
#...##.####.........>..........##
#.####.............##..........8#
..# ###.........#.............##
#########..........#...........#
.†.............................##
#########......z@..#####.####..8#
....#####......4.......#.####..##
..................##...........#
....#####...(.....##...........##
##### #.........##.##8###8###⌠#
#.............###########
#....................#
#########....................#
.............................#


You could see a wight (ally target) and a friendly hellwing (summoned).

Vanquished Creatures
  A water moccasin zombie (D:3)
  2 wights (D:2)
  3 adders (D:2)
  5 worms
  A dart slug (D:1)
  An orc (D:3)
  3 ball pythons (D:1)
  6 bats
  An endoplasm (D:3)
  2 giant cockroaches
  4 goblins
  6 hobgoblins
  2 quokkas
  3 frilled lizards
  3 kobolds
  3 rats
46 creatures vanquished.

Vanquished Creatures (collateral kills)
  An ogre (D:3)
  2 wights (D:2)
  Terence (D:2)
  2 orcs (D:3)
  An endoplasm (D:2)
  A hobgoblin (D:2)
8 creatures vanquished.

Grand Total: 54 creatures vanquished

Notes
Turn   | Place    | Note
-------+----------+-------------------------------------------
     0 | D:1      | Nithhogg the Demonspawn Fighter began the quest for the
                  | Orb.
     0 | D:1      | Reached XP level 1. HP: 18/18 MP: 1/1
   212 | D:1      | Gained mutation: A weak demonic guardian rushes to your
                  | aid. [demonic ancestry]
   212 | D:1      | Reached XP level 2. HP: 24/24 MP: 2/2
   257 | D:1      | Reached skill level 1 in Invocations
   392 | D:1      | Found a faded altar of an unknown god.
   665 | D:2      | Gained mutation: A demonic guardian rushes to your aid.
                  | [demonic ancestry]
   665 | D:2      | Reached XP level 3. HP: 19/29 MP: 3/3
  1203 | D:2      | Noticed Terence
  1208 | D:2      | Killed Terence
  1209 | D:2      | Reached skill level 1 in Dodging
  1218 | D:2      | HP: 1/29 [poisoned by Terence]
  1744 | D:2      | Gained mutation: You regenerate magic rapidly. [demonic
                  | ancestry]
  1744 | D:2      | Reached XP level 4. HP: 30/35 MP: 5/5
  2372 | D:3      | Noticed a bullfrog
  2381 | D:3      | Noticed an ogre
  2398 | D:3      | Killed an ogre
  2399 | D:3      | Gained mutation: You have sharp fingernails. [demonic
                  | ancestry]
  2399 | D:3      | Reached XP level 5. HP: 17/41 MP: 6/6
  2838 | D:2      | Reached XP level 6. HP: 13/44 MP: 8/8
  3463 | D:3      | Slain by a wight

Illustrated notes

Levels and vault maps discovered:
D:1:      mrwooster_arrival_statue_3, layout_basic, basic_ecumenical_altar
D:2:      layout_basic, uniq_terence
D:3:      layout_rooms, chequers_hall_statues_corner_a, lightli_corner_chamber

Skill      XL: |  1  2  3  4  5  6 |
---------------+-------------------+-----
Long Blades    | 2 3 |  3.0
Invocations    | 1 2 3 |  3.2
Armour         | 3 |  3.5
Dodging        | 1 2 |  2.0
Shields        | 3 |  3.6
Fighting       | |  3.9

Action                   |  1- 3 |  4- 6 || total
-------------------------+-------+-------++-------
Melee: Long sword        |   118 |    91 ||   209
  Use: Potion            |       |     2 ||     2
Armor: Scale mail        |    53 |       ||    53
       Chain mail        |     9 |    52 ||    61
Dodge: Dodged            |    26 |    30 ||    56
Block: Kite shield       |    56 |    51 ||   107
       Rpst.: Long sword |     6 |    10 ||    16

Table legend: (Time is in decaauts)
 A = Elapsed time spent in this place.
 B = Non-inter-level travel time spent in this place.
 C = Inter-level travel time spent in this place.
 D = Time resting spent in this place.
 E = Time spent auto-exploring this place.
 F = Levels seen in this place.
 G = Mean time per level.
                   A        B        C        D        E       F      G
               +--------+--------+--------+--------+--------+-----+--------+
         Total |   3576 |   3517 |     59 |   1309 |   1658 |   3 | 1192.0 |
       Dungeon |   3576 |   3517 |     59 |   1309 |   1658 |   3 | 1192.0 |
               +--------+--------+--------+--------+--------+-----+--------+

Top non-repeatable levels by time:
     D:2: 2170 daAuts
     D:3: 720 daAuts
     D:1: 685 daAuts
